 Dungeon Crawl Stone Soup version 0.30-a0-313-gae38170b09 (webtiles) character file.

Game seed: 14018664633804766991

3045 funkygono the Firebug (level 9, -6/47 HPs)
             Began as a Gargoyle Fire Elementalist on Oct 26, 2022.
             Was a Follower of Vehumet.
             Hit by a large rock thrown by a cyclops (21 damage)
             ... on level 7 of the Dungeon.
             The game lasted 00:12:39 (6775 turns).

funkygono the Firebug (Gargoyle Fire Elementalist)  Turns: 6775, Time: 00:12:39

Health: -6/47      AC: 15    Str: 12    XL:     9   Next: 87%
Magic:  4/19       EV: 16    Int: 20    God:    Vehumet [*.....]
Gold:   377        SH:  0    Dex: 16    Spells: 9/22 levels left

rFire   . . .      SeeInvis .    n - +10 hammer of the Eyes {speed, rElec rC+ rN+}
rCold   + . .      Faith    .    (no shield)
rNeg    + + .      Spirit   .    k - +2 robe {Archmagi}
rPois   ∞          Reflect  .    (no helmet)
rElec   +          Harm     .    f - +1 cloak
rCorr   .          Rampage  .    p - +1 pair of gloves
Will    .....      Archmagi +    d - +0 pair of boots
Stlth   ++........               (no amulet)
HPRegen 0.27/turn                o - +4 ring of evasion
MPRegen 0.16/turn                B - +6 ring of dexterity

@: about to teleport, very slightly contaminated
A: sickness immunity, AC +6, negative energy resistance 1, electricity
resistance, torment resistance 1, petrification resistance
a: Renounce Religion


You were on level 7 of the Dungeon.
You worshipped Vehumet.
Vehumet was aware of your devotion.
You visited 2 branches of the dungeon, and saw 8 of its levels.

You collected 377 gold pieces.

Inventory:

Hand Weapons
 e - a +2 whip of draining
 n - the +10 hammer of the Eyes (weapon) {speed, rElec rC+ rN+}
   (You found it on level 3 of the Dungeon)

   Attacks with this weapon are significantly faster.
   rC:        It protects you from cold.
   rElec:     It insulates you from electricity.
   rN:        It protects you from negative energy.
 q - a +2 quarterstaff of chaos
 u - a +2 whip of venom
 y - a +1 demon blade of electrocution
 E - a +1 flail of protection
Armour
 d - a +0 pair of boots (worn)
 f - a +1 cloak (worn)
 k - a +2 robe of the Archmagi (worn)
 p - a +1 pair of gloves (worn)
 C - +0 steam dragon scales
Jewellery
 o - a +4 ring of evasion (left hand)
 B - a +6 ring of dexterity (right hand)
Wands
 g - a wand of charming (8)
 s - a wand of polymorph (6)
 w - a wand of roots (12)
 x - a wand of digging (5)
 D - a wand of flame (22)
Scrolls
 i - a scroll of summoning
 l - a scroll of teleportation
Potions
 a - a potion of might
 b - 3 potions of magic
 c - 2 potions of berserk rage
 h - a potion of brilliance {unknown}
 j - 2 potions of heal wounds {unknown}
 m - 2 potions of curing
 r - a potion of mutation {unknown}
 t - 3 potions of lignification
 v - 2 potions of flight {unknown}
 z - 3 potions of haste {unknown}
 A - 2 potions of cancellation {unknown}


   Skills:
 + Level 1.4 Fighting
 + Level 3.6 Maces & Flails
 + Level 2.3 Dodging
 - Level 2.1 Stealth
 * Level 7.1 Spellcasting
 * Level 6.2 Conjurations
 * Level 7.9 Fire Magic
 * Level 4.4 Earth Magic


You had 9 spell levels left.
You knew the following spells:

 Your Spells              Type           Power      Damage    Failure   Level
a - Foxfire               Conj/Fire      100%       2x1d9     1%          1
b - Scorch                Fire           100%       2d10      1%          2
c - Kindle Blastsparks    Fire/Tloc/Air  52%        2d14      10%         3
d - Flame Wave            Conj/Fire      52%        2d13      4%          4
e - Stone Arrow           Conj/Erth      84%        3d12      3%          3

Your spell library contained the following spells:

 Spells                   Type           Power      Damage    Failure   Level
 Freeze                   Ice            40%        1d6       10%         1
 Inner Flame              Hex/Fire       34%        N/A       5%          3
 Necrotise                Necr           40%        1d6       10%         1
 Ignite Poison            Fire/Tmut/Pois 26%        N/A       10%         3
 Wereblood                Tmut           10%        N/A       14%         2
 Tukima's Dance           Hex            10%        N/A       28%         3
 Vampiric Draining        Necr           10%        2d6       28%         3
 Animate Armour           Summ/Erth      48%        N/A       36%         4
 Passage of Golubria      Tloc           10%        N/A       67%         4
 Freezing Cloud           Conj/Ice/Air   11%        6-21      73%         5
 Agony                    Necr           10%        N/A       95%         5
 Yara's Violent Unravell  Hex/Tmut       5%         3d4       95%         5
 Summon Hydra             Summ           5%         N/A       100%        7
 Lehudib's Crystal Spear  Conj/Erth      21%        10d6      100%        8
 Sublimation of Blood     Necr           Unusable   N/A       N/A         2

Dungeon Overview and Level Annotations

Branches:
Dungeon (7/15)             Temple (1/1) D:5

Altars:
Ashenzari
Cheibriados
Elyvilon
Fedhas
Hepliaklqana
Makhleb
Nemelex Xobeh
Okawaru
Qazlal
Trog
Uskayaw
Vehumet
Wu Jian
Xom
Yredelemnul
Zin
The Shining One

Annotations:
D:4 3 runed translucent doors, DEFE's ghost, amateur AtFi; Nebesus's ghost, amateur NaVM; Qbowser99's ghost, amateur DEFE


Innate Abilities, Weirdness & Mutations

You are immune to sickness and miasma.
Your stone body is resilient. (AC +6)
You are immune to poison.
You resist negative energy. (rN+)
You are resistant to electric shocks. (rElec)
You are resistant to unholy torment.
You are immune to petrification.


Message History

Confirm with . or Enter, or press ? or * to list all spells.
Aiming: Stone Arrow (dangerous; 3% risk of failure)
Press: ? - help, Shift-Dir - straight line, f/p - boulder beetle
Aim: a boulder beetle (moderately wounded, 100% to hit)
You feel a surge of power!
The stone arrow hits the boulder beetle!
The boulder beetle is heavily wounded.
The boulder beetle bites you!
The boulder beetle attacks as you move away!
The boulder beetle bites you.
Casting: Stone Arrow (dangerous; 3% risk of failure)
Confirm with . or Enter, or press ? or * to list all spells.
Aiming: Stone Arrow (dangerous; 3% risk of failure)
Press: ? - help, Shift-Dir - straight line, f/p - boulder beetle
Aim: a boulder beetle (moderately wounded, 100% to hit)
You feel a surge of power!
The stone arrow hits the boulder beetle.
The boulder beetle is heavily wounded.
The boulder beetle closely misses you.
Casting: Stone Arrow (dangerous; 3% risk of failure)
Confirm with . or Enter, or press ? or * to list all spells.
Aiming: Stone Arrow (dangerous; 3% risk of failure)
Press: ? - help, Shift-Dir - straight line, f/p - boulder beetle
Aim: a boulder beetle (heavily wounded, 100% to hit)
You feel a surge of power!
You miscast Stone Arrow.
You are very lightly contaminated with residual magic.
Nothing appears to happen.
The boulder beetle bites you!!
* * * LOW HITPOINT WARNING * * *
You feel better. The boulder beetle bites you!
* * * LOW HITPOINT WARNING * * *
You feel better.
The boulder beetle bites you but does no damage.
You feel better.
The boulder beetle leaps!
A two-headed ogre comes into view. It is wielding two +0 giant clubs.
A shadow comes into view.
As you read the scroll of teleportation, it crumbles to dust.
You feel strangely unstable.
The boulder beetle leaps!
Unknown command.
The cyclops throws a large rock.
The large rock hits you!!
You die...

#.#.).###..##..##....#.......#...
#.#.###..###+#..###...######.#.<.
#.#..### ###..###...### .#.†.
#..### #).).###...##.#... ####
#.#)...###....#...
#..#.#...###..#..)
#.#W#.#....+..####
#..#.#..B###......
#@#....###...##### .#
#....###...### ##. ...#
###C.###...### #.. #...##
+#)O###.......#####.#
#Y..##.)##.......#......>.
#...###........##...##.# #...###
...##...###.###.# #...## .. #...#
#.###.# ...# # #...# #.....#


You could see a two-headed ogre, a cyclops and a shadow (wandering).

Vanquished Creatures
  Pikel (D:4)
  Maggie (D:7)
  A yak (D:7)
  An orc warrior (D:7)
  An ice beast (D:7)
  A black bear (D:7)
  4 centaurs
  3 ogres (D:6)
  2 lemures (D:4)
  A kobold brigand (D:6)
  A necrophage (D:6)
  2 scorpions
  A wight (D:7)
  A howler monkey (D:5)
  2 jellies
  A gnoll bouda (D:5)
  8 orc priests
  4 hounds
  Crazy Yiuf (D:3)
  Jessica (D:3)
  5 iguanas
  Ijyb (D:4)
  2 orc wizards
  9 gnolls
  4 adders
  A shadow imp (D:7)
  5 worms
  23 orcs
  5 ball pythons
  9 endoplasms
  4 giant cockroaches
  6 goblins
  3 hobgoblins
  12 jackals
  6 kobolds
  4 bats
  A frilled lizard (D:2)
  4 rats
142 creatures vanquished.

Vanquished Creatures (collateral kills)
  A foxfire (D:1)
1 creature vanquished.

Vanquished Creatures (others)
  301 foxfires
  A fungus (D:1)
  2 plants (D:1)
304 creatures vanquished.

Grand Total: 447 creatures vanquished

Notes
Turn   | Place    | Note
-------+----------+-------------------------------------------
     0 | D:1      | funkygono the Gargoyle Fire Elementalist began the quest
                  | for the Orb.
     0 | D:1      | Reached XP level 1. HP: 10/10 MP: 3/3
   496 | D:1      | Reached XP level 2. HP: 15/15 MP: 1/5
   716 | D:1      | Learned a level 2 spell: Scorch
   954 | D:1      | Reached XP level 3. HP: 19/19 MP: 3/6
   958 | D:1      | Learned a level 3 spell: Kindle Blastsparks
  1013 | D:1      | Found a faded altar of an unknown god.
  1053 | D:1      | Got Plato's Codex of Evil
  1254 | D:1      | You fall into a shaft and drop 1 floor!
  2256 | D:3      | Noticed Jessica
  2259 | D:3      | Reached XP level 4. HP: 24/24 MP: 0/7
  2269 | D:3      | Killed Jessica
  2270 | D:3      | Reached skill level 1 in Maces & Flails
  2686 | D:3      | Reached XP level 5. HP: 28/28 MP: 5/9
  2955 | D:3      | Found a runed translucent door.
  2956 | D:3      | Noticed Crazy Yiuf
  3051 | D:3      | Killed Crazy Yiuf
  3055 | D:3      | Identified the +10 hammer of the Eyes {speed, rElec rC+
                  | rN+}
  3233 | D:4      | Reached XP level 6. HP: 33/33 MP: 6/10
  3295 | D:4      | Reached skill level 5 in Fire Magic
  3521 | D:4      | Found a runed translucent gate.
  3547 | D:4      | Noticed Ijyb
  3550 | D:4      | Killed Ijyb
  3582 | D:4      | Noticed Pikel
  3589 | D:4      | Killed Pikel
  3590 | D:4      | Reached skill level 1 in Fighting
  3590 | D:4      | Reached XP level 7. HP: 36/38 MP: 1/14
  3590 | D:4      | Reached XP level 8. HP: 41/43 MP: 1/15
  3740 | D:4      | Learned a level 4 spell: Flame Wave
  3744 | D:4      | Learned a level 3 spell: Stone Arrow
  3843 | D:4      | Reached skill level 1 in Earth Magic
  3989 | D:4      | Reached skill level 5 in Spellcasting
  4126 | D:4      | Found a runed translucent gate.
  4126 | D:4      | Found a runed translucent gate.
  4130 | D:4      | Noticed DEFE's ghost (amateur AtFi)
  4130 | D:4      | Noticed Qbowser99's ghost (amateur DEFE)
  4130 | D:4      | Noticed Nebesus's ghost (amateur NaVM)
  4197 | D:5      | Entered Level 5 of the Dungeon
  4564 | D:5      | Found a staircase to the Ecumenical Temple.
  4603 | Temple   | Entered the Ecumenical Temple
  4625 | Temple   | Became a worshipper of Vehumet
  4941 | D:5      | Found an iron altar of Okawaru.
  4941 | D:5      | Found a blossoming altar of Fedhas.
  5360 | D:6      | Found a hide-covered altar of Uskayaw.
  5485 | D:6      | Reached XP level 9. HP: 47/47 MP: 13/18
  6212 | D:7      | Noticed Maggie
  6217 | D:7      | Killed Maggie
  6218 | D:7      | Reached skill level 5 in Conjurations
  6300 | D:7      | Reached * piety under Vehumet
  6300 | D:7      | Offered knowledge of Freeze by Vehumet.
  6764 | D:7      | Noticed a boulder beetle
  6765 | D:7      | Noticed a cyclops
  6770 | D:7      | HP: 1/47 [boulder beetle (14)]
  6772 | D:7      | Noticed a two-headed ogre
  6775 | D:7      | Hit by a large rock thrown by a cyclops

Illustrated notes

Levels and vault maps discovered:
D:1:      amcnicky_arrival_double_pillar, layout_basic,
          shapermc_ecumenical_altar_rom_forum, minmay_misc_feat_alley,
          nicolae_wormholes
D:2:      layout_basic
D:3:      layout_loops_ring, uniq_crazy_yiuf_cottage, uniq_jessica
D:4:      layout_rooms, gammafunk_ghost_cemetery, nrook_loot_triangle,
          hangedman_minor_gate_pass, uniq_pikel, uniq_ijyb
D:5:      layout_gridville, nicolae_overflow_two_pavilions, temple_fountains
D:6:      layout_basic, nicolae_uskayaw_dance_hall, patterned_corridor
D:7:      minmay_the_grid_triangle_9x9_recursive_2
          [minmay_the_grid_triangle_9x9_prize_top_heavy,
          minmay_the_grid_triangle_9x9_cache,
          minmay_the_grid_triangle_9x9_steps,
          minmay_the_grid_triangle_9x9_limited_checkers], layout_basic,
          uniq_maggie
Temple:   eino_narrow_crystal_temple

Skill      XL: |  1  2  3  4  5  6  7  8  9 |
---------------+----------------------------+-----
Fire Magic     | 4 6 7 |  7.9
Conjurations   | 2 3 4 6 |  6.2
Maces & Flails | 1 2 3 |  3.6
Spellcasting   | 3 4 6 7 |  7.1
Fighting       | 1 |  1.4
Dodging        | 2 |  2.3
Earth Magic    | 3 4 |  4.4
Stealth        | |  2.1

Action                   |  1- 3 |  4- 6 |  7- 9 || total
-------------------------+-------+-------+-------++-------
Melee: Whip              |    17 |     7 |       ||    24
       Unarmed           |     1 |       |       ||     1
       Mace              |       |    37 |    49 ||    86
       Punch             |       |       |     1 ||     1
 Cast: Foxfire           |    60 |    38 |    84 ||   182
       Scorch            |     1 |     8 |    11 ||    20
       Stone Arrow       |       |       |    29 ||    29
       Flame Wave        |       |       |     1 ||     1
  Use: Scroll            |     9 |     2 |     7 ||    18
       Potion            |       |       |     3 ||     3
 Stab: Sleeping          |       |     1 |       ||     1
Armor: Robe              |     9 |     6 |    27 ||    42
Dodge: Dodged            |    14 |    26 |    61 ||   101

Table legend: (Time is in decaauts)
 A = Elapsed time spent in this place.
 B = Non-inter-level travel time spent in this place.
 C = Inter-level travel time spent in this place.
 D = Time resting spent in this place.
 E = Time spent auto-exploring this place.
 F = Levels seen in this place.
 G = Mean time per level.
                   A        B        C        D        E       F      G
               +--------+--------+--------+--------+--------+-----+--------+
         Total |   6761 |   6585 |    176 |    417 |   5028 |   8 |  845.1 |
       Dungeon |   6573 |   6410 |    163 |    417 |   4864 |   7 |  939.0 |
        Temple |    187 |    175 |     12 |      0 |    164 |   1 |  187.0 |
               +--------+--------+--------+--------+--------+-----+--------+

Top non-repeatable levels by time:
     D:1: 1292 daAuts
     D:4: 1070 daAuts
     D:6: 933 daAuts
     D:2: 915 daAuts
     D:3: 913 daAuts
     D:5: 881 daAuts
     D:7: 567 daAuts
  Temple: 187 daAuts
